cohdb
Replays
Latest Replays
All Replays
Popular Replays
Top Player Replays
Match Explorer
How It Works
Community
CoH3 Stats
Reddit
Sign in to upload your games and track your stats! →
Sign in with Steam
Match 44423913
Unlisted
Match 44423913
Overview
Messages
Build Orders
End
Scout Squad
Construct Weapon Support Center
Selects Airborne Battlegroup
Selects Heavy Machine Gun Paradrop
Selects Pathfinders
M1919 Machine Gun Team
Sniper
Construct Medical Station
Bazooka Squad
Construct Barracks
1⁄4-ton 4x4 Truck
Infantry Support Center
M1 Mortar Team
M3 Armored Personnel Carrier
M1918 Browning Automatic Rifles
Engineer Squad
Construct Motor Pool
Bazooka Squad
Selects Paratrooper Squad Paradrop
Selects Anti-tank Gun Team Paradrop
Engineer Squad
M24 Chaffee Light Tank
Anti-tank Gun Team Paradrop
M24 Chaffee Light Tank
Mortar Pit
M24 Chaffee Light Tank
Bazooka Squad
M1 Mortar Team
JOCKER
Esperanza
Dani32_MBT
Joraad
IngloriousBastard
yahyayahya79988
0
0
Comments
sign in to comment!
No comments posted yet!